Description

I want this build to be on spawningtool cuz this is where I store the builds I like. I like this build and you will too ;)

Replay - Ryung v Trap: Game 2 - Blackpink LE

Build Order

Get SALT Encoding   

  14  0:18  Pylon  
  15  0:38  Gateway  Chrono Probes At the same time
  17  0:49  Assimilator  Rally probes into it after its done
  20  1:26  Nexus  Stop probe production
  20  1:33  Cybernetics Core  Resume probe production
  21  1:42  Assimilator  
  22  1:55  Pylon  
  23  2:11  Warp Gate, Adept  Chrono it
  29  2:30  Stalker  Chrono
  29  2:35  Twilight Council  
  34  2:55  Stalker  
  39  3:11  Blink  
  41  3:27  Gateway x2  
  41  3:35  Robotics Facility  
  43  3:43  Pylon  
  45  3:55  Assimilator  
  47  4:11  Nexus  
  47  4:15  Pylon  
  50  4:23  Observer  Chrono it
  50  4:24  Stalker x2  
  54  4:31  Pylon  
Spawning Tool Build Advisor. Get it on Overwolf

Analysis

Only do this build if they expand

2 Base banshee comes in at approx 4:40 you have a obs ready to kill the annoying paper airplane and blink done early. Thats also when a minedrop from Ryung came to traps natural, you have 4 stalkers at that point so you gotta guess where to defend or try to spot the drop with adept or pylon. Trap guessed the wrong base but he is a boss so he still won.

Go to:

Details

  • Created by: Hindrance
  • Published on: Nov 04, 2018
  • Modified on: Nov 04, 2018
  • Patch: 4.0.0
Show
View Real Time Build Order
Export as new Build Order

Comments (0)

There are no comments. Be the first!

Create an account to comment!